Map: Oxide LE

Players

Vanya - Winner!

  • Race: Zerg Zerg

uThermal

  • Race: Terran Terran

Event: DreamHack SC2 Masters 2021 Fall

VOD

Have the link to the VOD?

Description

Time

  • Played on: Aug. 1, 2021, 12:06 p.m.
  • Length: 10:05

All games in this series

Show
View Real Time Build Order
Export as new Build Order

Vanya Zerg - Winner!

Build Orders: Hatch First 

Get SALT Encoding   

  12  0:00  Drone  
  13  0:11  Overlord  
  13  0:16  Drone  
  14  0:30  Drone x2  
  16  0:47  Hatchery  
  15  0:50  Drone  
  15  0:53  Drone  
  17  0:57  Drone  
  18  1:07  Extractor  
  17  1:12  Spawning Pool  
  17  1:15  Drone  
  17  1:18  Drone  
  18  1:28  Drone  
  19  1:38  Drone  
  20  1:48  Drone  
  21  1:59  Queen x2, Zergling x2  
  21  2:00  Zergling x2  
  27  2:17  Hatchery  
  27  2:18  Overlord  
  27  2:21  Drone  
  27  2:24  Drone  
  27  2:29  Metabolic Boost  
  28  2:38  Drone x3  
  28  2:44  Queen  
  32  2:52  Overlord  
  32  2:53  Drone  
  32  2:54  Drone  
  32  2:56  Drone  
  35  3:11  Drone x2  
  35  3:12  Drone x2  
  39  3:13  Drone  
  39  3:15  Drone  
  41  3:21  Queen  
  41  3:22  Overlord  
  43  3:28  Extractor  
  43  3:29  Roach Warren  
  43  3:30  Drone x2  
  43  3:34  Queen  
  43  3:39  Drone x3  
  48  3:42  Drone  
  48  3:45  Zergling x4  
  51  3:51  Overlord x2  
  51  3:54  Drone x2  
  53  3:56  Drone  
  54  4:12  Roach x5  
  54  4:14  Roach  
  67  4:17  Zergling x8  
  67  4:20  Drone x2  
  67  4:23  Overlord  
  72  4:24  Drone  
  72  4:29  Extractor, Overlord  
  72  4:33  Drone  
  72  4:38  Zergling x2, Overlord  
  74  4:42  Overlord  
  74  4:43  Drone  
  74  4:47  Drone  
  74  4:49  Zergling x10  
  78  4:54  Zergling x8  
  78  5:01  Drone  
  78  5:02  Lair, Drone  
  78  5:05  Drone  
  75  5:17  Zergling x6  
  78  5:22  Ravager x3  
  78  5:23  Drone x2  
  78  5:24  Drone  
  84  5:31  Drone  
  84  5:33  Drone  
  86  5:38  Drone  
  86  5:40  Spore Crawler  
  86  5:41  Spore Crawler  
  86  5:42  Spore Crawler  
  84  5:44  Drone  
  85  5:50  Zergling x12  
  85  5:55  Ravager x3  
  91  5:59  Drone x4  
  92  6:04  Drone x2  
  92  6:09  Drone x3  
  91  6:13  Queen x2  
  91  6:14  Extractor x2  
  91  6:16  Extractor  
  91  6:17  Overlord x2  
  91  6:18  Drone  
  90  6:24  Spire  
  89  6:25  Spore Crawler  
  89  6:30  Overlord  
  89  6:31  Drone  
  89  6:33  Overlord  
  89  6:37  Drone x5  
  94  6:41  Drone  
  94  6:44  Drone  
  94  6:45  Drone  
  95  6:47  Drone x2  
  95  6:49  Glial Reconstitution  
  95  6:53  Drone  
  95  6:54  Drone x3  
  101  7:00  Roach  
  101  7:01  Roach x2  
  107  7:03  Overlord  
  107  7:10  Overlord  
  107  7:11  Drone  
  108  7:21  Roach x2  
  108  7:22  Overlord  
  112  7:24  Roach x2  
  112  7:28  Hatchery, Roach x2  
  119  7:33  Overlord  
  119  7:38  Corruptor x2  
  123  7:50  Corruptor x4  
  120  7:56  Corruptor x2  
  122  8:01  Roach x3  
  122  8:04  Ravager x3  
  129  8:17  Zergling x6, Roach x7  
  143  8:34  Zergling x10  
  138  8:41  Hatchery  
  123  8:47  Corruptor x4  
  131  8:48  Corruptor x2  
  131  8:52  Roach x3  
  141  9:10  Overlord x3  
  141  9:11  Zergling x10  
  146  9:18  Overlord  
  146  9:22  Overlord  
  145  9:24  Ravager  
  145  9:25  Overlord  
  145  9:33  Roach x5  
  145  9:34  Ravager x6  
  145  9:36  Overseer  
  145  9:37  Zergling x8  
  165  9:42  Zergling x8  
  169  9:47  Ravager x2  
Show
View Real Time Build Order
Export as new Build Order

uThermal Terran 

Build Orders: Mech 

Get SALT Encoding   

  12  0:00  SCV  
  13  0:12  SCV  
  14  0:17  Supply Depot  
  14  0:24  SCV  
  15  0:38  SCV  
  15  0:39  Barracks  
  15  0:42  Refinery  
  16  0:50  SCV  
  17  1:02  SCV  
  18  1:14  SCV  
  19  1:25  Barracks Reactor  
  19  1:27  Orbital Command  
  19  1:39  Command Center  
  19  1:49  Supply Depot  
  19  1:52  SCV  
  20  2:03  Factory  
  20  2:05  SCV  
  20  2:07  Marine  
  22  2:09  Marine  
  23  2:17  SCV  
  23  2:18  Refinery  
  24  2:25  Marine  
  24  2:27  Marine  
  26  2:31  SCV  
  27  2:43  SCV  
  28  2:48  Starport  
  28  2:51  Orbital Command  
  28  2:54  Hellion  
  28  2:58  Hellion  
  32  3:00  SCV  
  32  3:03  Marine  
  34  3:12  SCV  
  35  3:15  Hellion  
  35  3:16  SCV  
  35  3:19  Hellion  
  40  3:24  Supply Depot  
  40  3:26  SCV  
  41  3:30  Medivac  
  41  3:32  Marine  
  44  3:34  SCV  
  44  3:38  SCV  
  46  3:46  Widow Mine, Hellion  
  50  3:48  SCV  
  50  3:49  Supply Depot  
  50  3:51  SCV  
  52  3:56  Fusion Core  
  52  3:58  Marine  
  52  4:02  SCV  
  54  4:11  SCV, Starport Tech Lab  
  54  4:13  Supply Depot  
  54  4:16  SCV  
  56  4:23  SCV  
  57  4:25  Command Center  
  57  4:30  SCV  
  58  4:35  SCV  
  59  4:42  SCV  
  58  4:47  SCV  
  58  4:48  Hellion x2  
  58  4:50  Battlecruiser  
  67  4:54  SCV  
  67  4:59  SCV  
  65  5:06  SCV  
  59  5:09  Hellion x2  
  59  5:11  SCV  
  64  5:15  Supply Depot  
  64  5:18  SCV  
  63  5:24  SCV  
  64  5:30  SCV, Hellion x2  
  64  5:33  Supply Depot  
  68  5:36  SCV  
  68  5:43  Supply Depot x2  
  62  6:04  SCV  
  62  6:05  Hellion x2  
  62  6:07  Command Center  
  65  6:14  Orbital Command  
  65  6:17  SCV  
  66  6:19  Battlecruiser  
  66  6:23  Factory  
  66  6:25  Factory  
  72  6:26  Refinery  
  72  6:27  Refinery  
  72  6:29  SCV, Supply Depot  
  72  6:32  Hellion  
  75  6:35  Hellion  
  77  6:41  SCV  
  78  6:49  Supply Depot  
  78  6:50  SCV  
  78  6:53  SCV, Weapon Refit  
  80  6:59  Hellion x2  
  84  7:03  SCV  
  84  7:08  Supply Depot, SCV  
  85  7:10  Engineering Bay, Factory Tech Lab x2  
  86  7:23  Battlecruiser  
  95  7:30  Siege Tank  
  95  7:37  Siege Tank  
  98  7:46  Hellion  
  98  7:49  Hellion  
  94  7:52  SCV x2  
  94  8:02  Siege Tank  
  94  8:04  SCV x2  
  94  8:05  Missile Turret  
  99  8:07  Missile Turret  
  99  8:11  Refinery, Siege Tank  
  99  8:12  Hellion  
  102  8:15  Refinery  
  102  8:16  SCV  
  102  8:17  SCV  
  102  8:19  Missile Turret  
  104  8:22  Hellion  
  106  8:30  SCV  
  106  8:32  SCV  
  106  8:33  Hellion  
  94  8:34  Hellion  
  94  8:39  Missile Turret  
  92  8:42  SCV  
  92  8:43  Siege Tank  
  96  8:58  Orbital Command  
  96  8:59  SCV  
  96  9:00  SCV  
  104  9:11  SCV  
  105  9:18  Supply Depot, Siege Tank  
  105  9:22  Siege Tank  
  105  9:23  SCV  
  104  9:26  Hellion  
  104  9:29  Hellion  
  108  9:37  SCV, Armory  
  108  9:38  SCV x2, Armory  
  111  9:41  Missile Turret  
  111  9:50  SCV, Missile Turret  

Tags
 
Add a new tag
Caveats
  • Supply blocks, unpowered buildings, or Contaminate may cause inaccurate times.
  • Supply counts are checked every 10 seconds.